 Dungeon Crawl Stone Soup version 0.30-a0-953-g5f1da4a474 (webtiles) character file.

Game seed: 1850527316994167618

86209 Jeffwins the Skirmisher (level 16, -7/117 HPs)
             Began as a Human Wanderer on Mar 29, 2023.
             Was a High Priest of Vehumet.
             Mangled by Donald
             ... wielding a +3 scimitar of venom
              (33 damage)
             ... on level 2 of the Orcish Mines.
             The game lasted 00:48:18 (17433 turns).

Jeffwins the Skirmisher (Human Wanderer)           Turns: 17433, Time: 00:48:18

Health: -7/117     AC: 15    Str: 11    XL:     16   Next: 33%
Magic:  10/24      EV: 10    Int: 24    God:    Vehumet [*****.]
Gold:   1480       SH: 14    Dex: 23    Spells: 12/26 levels left

rFire   . . .      SeeInvis .    a - +12 sling "Lallit" {flame, rN+ Stlth+}
rCold   . . .      Faith    .    f - +2 buckler {AC+3}
rNeg    + + +      Spirit   .    u - +3 leather armour of Instinct {rN++ Regen+}
rPois   .          Reflect  +    A - +2 helmet {Int+3}
rElec   .          Rampage  .    t - +1 cloak {Will+}
rCorr   .                        s - +0 pair of fencer's gloves {Riposte Dex+3}
Will    +++..                    (no boots)
Stlth   +++++                    m - amulet of reflection
HPRegen 1.19/turn                I - +6 ring of intelligence
MPRegen 0.19/turn                P - ring of willpower

@: lethally poisoned (-7 -> -14), studying Ice Magic
A: no striking features
a: Renounce Religion


You were on level 2 of the Orcish Mines.
You worshipped Vehumet.
Vehumet was extremely pleased with you.
You visited 4 branches of the dungeon, and saw 20 of its levels.
You also visited: Ossuary, Bailey, Ice Cave and Volcano.

You collected 1636 gold pieces.
You spent 156 gold pieces at shops.


   Skills:
 + Level 8.1 Fighting
 - Level 8.0 Short Blades
 - Level 1.0 Polearms
 - Level 14.0 Ranged Weapons
 - Level 1.0 Armour
 + Level 8.1 Stealth
 - Level 8.0 Shields
 * Level 5.7 Spellcasting
 * Level 6.2 Conjurations
 * Level 8.1 Necromancy
 * Level 4.7 Fire Magic
 - Level 0.4 Ice Magic
 * Level 7.5 Air Magic
 * Level 7.3 Poison Magic
 - Level 2.0 Invocations
 + Level 6.7 Evocations


You had 12 spell levels left.
You knew the following spells:

 Your Spells              Type           Power      Damage    Failure   Level
f - Fireball              Conj/Fire      16%        3d8       11%         5
m - Mephitic Cloud        Conj/Pois/Air  40%        N/A       1%          3
n - Dispel Undead         Necr           45%        3d17      4%          4
p - Poisonous Vapours     Pois/Air       84%        N/A       1%          2

Your spell library contained the following spells:

 Spells                   Type           Power      Damage    Failure   Level
 Flame Wave               Conj/Fire      33%        2d10      4%          4
 Kiss of Death            Conj/Necr      100%       2d13      1%          1
 Cigotuvi's Dreadful Rot  Necr/Pois/Air  86%        N/A       1%          2
 Vampiric Draining        Necr           45%        2d9       1%          3
 Dazzling Flash           Conj/Hex       42%        N/A       3%          3
 Arcjolt                  Conj/Air       20%        1d30      6%          5
 Vhi's Electric Charge    Tloc/Air       50%        N/A       9%          3
 Iskenderun's Mystic Bla  Conj/Tloc      21%        2d6       11%         4
 Slow                     Hex            24%        N/A       14%         1
 Lesser Beckoning         Tloc           12%        N/A       21%         2
 Confusing Touch          Hex            6%         N/A       38%         3
 Gell's Gravitas          Tloc           6%         N/A       38%         3
 Teleport Other           Tloc           6%         N/A       38%         3
 Starburst                Conj/Fire      16%        6d6       47%         6
 Cause Fear               Hex            3%         N/A       80%         4
 Petrify                  Tmut/Erth      6%         N/A       80%         4
 Metabolic Englaciation   Hex/Ice        3%         N/A       98%         5
 Statue Form              Tmut/Erth      4%         N/A       100%        6
 Dragon Form              Tmut           3%         N/A       100%        7
 Maxwell's Capacitive Co  Air            21%        ∞         100%        8
 Chain Lightning          Conj/Air       20%        3d26      100%        9
 Dragon's Call            Summ           3%         N/A       100%        9
 Fire Storm               Conj/Fire      16%        8d4       100%        9
 Shatter                  Erth           3%         3d7*      100%        9

Inventory:

Hand Weapons
 a - the +12 sling "Lallit" (weapon) {flame, rN+ Stlth+}
   (You found it on level 9 of the Dungeon)

   rN:        It protects you from negative energy.
   Stlth:     It makes you more stealthy.
 c - the +3 dagger of Nodijuludgh {freeze, rPois rF+ Dex+3}
   (You found it on level 8 of the Dungeon)

   Dex:       It affects your dexterity (+3).
   rF:        It protects you from fire.
   rPois:     It protects you from poison.
 w - a +1 demon blade of flaming
 N - the +6 hand axe of Doureuf {vamp, rElec rPois Str-5 Int+7}
   (You found it on level 5 of the Lair of Beasts)

   Str:       It affects your strength (-5).
   Int:       It affects your intelligence (+7).
   rElec:     It insulates you from electricity.
   rPois:     It protects you from poison.
Missiles
 O - 2 throwing nets {=f}
Armour
 e - a +2 scale mail of fire resistance
 f - a +2 buckler of protection (worn)
 l - a +3 scale mail of fire resistance
 s - the +0 pair of fencer's gloves (worn) {Riposte Dex+3}
   (You found it in a volcano)

   Riposte:   It allows the wearer to riposte with melee weapons, swiftly
   retaliating against missed or blocked melee attacks.
   Dex:       It affects your dexterity (+3).
 t - a +1 cloak of willpower (worn)
 u - the +3 leather armour of Instinct (worn) {rN++ Regen+}
   (You found it on level 2 of the Dungeon)

   rN:        It greatly protects you from negative energy.
   Regen:     It increases your rate of health regeneration.
 x - the +5 robe of Night {Dark Will+ SInv}
   (You found it on level 11 of the Dungeon)

   Dark:      It shrouds the wearer in darkness, reducing the range at which
   they can see and be seen by others.
   SInv:      It lets you see invisible.
   Will:      It increases your willpower.
 A - a +2 helmet of intelligence (worn)
 T - an orb of mayhem
 Y - +1 swamp dragon scales
Jewellery
 m - an amulet of reflection (around neck)
 n - the ring of Hoeruoh {+Blink rElec EV+5 Str+5 Dex-4}
   (You found it on level 11 of the Dungeon)

   [ring of evasion]

   EV:        It affects your evasion (+5).
   Str:       It affects your strength (+5).
   Dex:       It affects your dexterity (-4).
   rElec:     It insulates you from electricity.
   +Blink:    It lets you blink.
 v - a ring of see invisible
 C - a ring of ice
 I - a +6 ring of intelligence (left hand)
 L - a ring of flight
 P - a ring of willpower (right hand)
 R - a ring of resist corrosion
Wands
 B - a wand of digging (4)
 D - a wand of flame (43)
 E - a wand of acid (11)
 Q - a wand of paralysis (13)
Scrolls
 d - 7 scrolls of fog
 g - a scroll of identify {@r1}
 i - 3 scrolls of teleportation {@r4}
 o - 4 scrolls of fear
 p - a scroll of blinking
 q - 7 scrolls of vulnerability {!r}
 y - 2 scrolls of butterflies
 F - 2 scrolls of poison {!r}
 M - 10 scrolls of enchant weapon
 S - 6 scrolls of immolation {!r}
 W - 4 scrolls of amnesia
 X - 4 scrolls of magic mapping
Potions
 b - 7 potions of brilliance
 h - 5 potions of haste {@q3}
 j - 8 potions of curing {@q1}
 k - 11 potions of might
 z - 2 potions of invisibility
 G - 4 potions of heal wounds {@q2}
 H - 5 potions of magic
 J - a potion of resistance
 K - 6 potions of mutation {!q}
 U - 5 potions of cancellation
 Z - 4 potions of ambrosia
Miscellaneous
 r - a phantom mirror (inert)
 V - a box of beasts (inert)

Dungeon Overview and Level Annotations

Branches:
Dungeon (12/15)            Temple (1/1) D:6            Lair (5/5) D:11
 Shoals (0/4) Lair:2        Snake (0/4) Lair:3        Slime (0/5) Lair:5
    Orc (2/2) D:9             Elf (0/3) Orc:2       Ossuary (visited)
 Bailey (visited)           IceCv (visited)         Volcano (visited)

Altars:
Ashenzari
Cheibriados
Dithmenos
Elyvilon
Fedhas
Gozag
Hepliaklqana
Kikubaaqudgha
Makhleb
Nemelex Xobeh
Okawaru
Qazlal
Ru
Sif Muna
Trog
Uskayaw
Vehumet
Wu Jian
Xom
Yredelemnul
Zin
The Shining One
Jiyva

Shops:
D:9 *

Annotations:
Lair:3 3 runed translucent doors, Newt's ghost, journeyman KoHu
Orc:2 Donald

..........[#...
#..<...>...#. #
#..)..[......
.##[....)...#.
.....[(.#...#
##..☼☼o......
.§)°☼○......
..##.#@°○.....#
.......@.)#..
...........H#
.............#
$.#..........#
. #...........#
#.....#.....##
##.... ....##
###.. ..###


You could see Donald (fast, strong, confused, ally target, reflecting), an orc
priest and a friendly larval weirdshock beast (summoned).


Message History

Vehumet accepts your kill.
Unknown command.
Unknown command.
Unknown command.
Unknown command.
Okay, then.
Okay, then.
You shoot a sling bullet.
Donald reflects the sling bullet off his +0 kite shield of reflection!
The sling bullet hits you. The sling bullet burns you.
You feel very sick.
Donald is engulfed in noxious fumes.
Donald hits you with a +3 scimitar of venom!!
* * * LOW HITPOINT WARNING * * *
The orc priest invokes the aid of Beogh against you.
Beogh smites you!
* * * LOW HITPOINT WARNING * * *
Unknown command.
You feel very sick.
Donald is engulfed in noxious fumes.
Donald gestures wildly while chanting.
Donald seems to grow stronger.
Your larval weirdshock beast bursts into living lightning!
The living lightning hits Donald.
Donald is engulfed in noxious fumes.
Donald appears confused.
Donald is engulfed in noxious fumes.
Donald appears confused.
Donald is engulfed in noxious fumes.
Donald says, "Oh boy, oh boy, oh boy!"
Donald is engulfed in noxious fumes.
Donald appears confused.
Donald hits you with a +3 scimitar of venom!!
You die...

Skill      XL: |  1  2  3  4  5  6  7  8  9 10 11 12 13 14 15 16 |
---------------+-------------------------------------------------+-----
Ranged Weapons | 1 2 3 4 5 7 8 12 13 14 | 14.0
Fighting       | 3 4 5 6 7 8 |  8.1
Short Blades   | 1 2 3 4 6 7 8 |  8.0
Polearms       | 1 |  1.0
Shields        | 5 6 7 8 |  8.0
Stealth        | 1 2 4 5 6 7 8 |  8.1
Evocations     | 1 2 4 5 6 |  6.7
Necromancy     | 2 3 4 5 6 7 8 |  8.1
Spellcasting   | 2 3 4 5 |  5.7
Poison Magic   | 1 3 5 6 7 |  7.3
Air Magic      | 1 3 5 6 7 |  7.5
Conjurations   | 1 3 4 5 6 |  6.2
Fire Magic     | 2 4 |  4.7
Armour         | |  1.0
Ice Magic      | |  0.4
Invocations    | |  2.0

Action                     |  1- 3 |  4- 6 |  7- 9 | 10-12 | 13-15 | 16-18 || total
---------------------------+-------+-------+-------+-------+-------+-------++-------
  Melee: Dagger            |   146 |   222 |   363 |   119 |       |       ||   850
         Trident           |       |    10 |       |       |       |       ||    10
         Sling             |       |       |       |       |     2 |       ||     2
   Fire: Shortbow          |       |       |       |   311 |       |       ||   311
         Sling             |       |       |       |   321 |   834 |   231 ||  1386
  Throw: Javelin           |       |     4 |       |       |       |       ||     4
   Cast: Poisonous Vapours |       |       |       |       |     5 |       ||     5
         Mephitic Cloud    |       |       |       |       |     9 |     2 ||    11
         Fireball          |       |       |       |       |    10 |     9 ||    19
  Evoke: Wand              |       |       |     4 |     5 |     2 |       ||    11
         Box of beasts     |       |       |       |       |     1 |     2 ||     3
         Phantom mirror    |       |       |       |       |     1 |     1 ||     2
    Use: Scroll            |       |     1 |     7 |    12 |    12 |     2 ||    34
         Potion            |       |       |       |     1 |     2 |       ||     3
   Stab: Sleeping          |     1 |     5 |     2 |     1 |       |       ||     9
         Paralysed         |       |       |     2 |     2 |       |       ||     4
         Distracted        |       |       |     1 |       |       |       ||     1
 Armour: Leather armour    |    54 |    46 |   159 |   187 |   106 |    39 ||   591
         Robe              |     7 |       |       |       |       |       ||     7
         Scale mail        |       |       |       |       |    26 |       ||    26
  Dodge: Dodged            |    59 |    73 |   160 |   219 |    83 |    30 ||   624
  Block: Buckler           |    26 |    42 |   119 |    85 |   153 |    75 ||   500
         Reflection        |       |       |       |       |       |     5 ||     5

Levels and vault maps discovered:
D:1:      lightli_iron_boxes, layout_loops_ring, minmay_statues_item
D:2:      layout_basic, basic_altar, uniq_jessica
D:3:      layout_loops_ring, mainiacjoe_overflow_brackets,
          roderic_cross_of_infinity
D:4:      layout_loops_ring, marbit_many_paths, overflow_temple_1_default,
          gammafunk_temple_overflow_claw, chequers_serial_rivers_room_b
D:5:      layout_layer_cave, uniq_ijyb
D:6:      layout_loops_ring, minmay_temple_entry_trees
D:7:      layout_loops_ring, enter_bailey_6
D:8:      minmay_skewed_foursquare, layout_basic,
          nicolae_qazlal_style_of_elements, tso_oasis_becter, enter_ossuary_2,
          chequers_serial_rivers_large_a
D:9:      layout_rooms, vehumet_crystals, david_orc_4, serial_shops,
          nicolae_lakefront_shop
D:10:     layout_roguey [special_room_orc], mainiacjoe_overflow_24_doors
D:11:     layout_loops_ring, erik_lair_island, portal_ice_cave_entry_pillars_1,
          minmay_lindwurm_lava, uniq_urug, uniq_fannar
D:12:     layout_stronghold, ebering_ghost_inner_flame, minmay_fountain_box,
          chequers_mini_garden
Temple:   nicolae_temple_slightly_damp_pantheon
Lair:1:   hellmonk_ruined_rings, layout_gridlike, uniq_maggie, uniq_gastronok,
          uniq_amaemon
Lair:2:   layout_small_grid, shoals_dummy_entry, wad_woods_03,
          infiniplex_staircase_pool
Lair:3:   layout_hall_layers, guppyfry_snake_entry_island,
          gammafunk_ghost_necromancy, dreamdust_gnoll_shepherd,
          infiniplex_staircase_pool_2, uniq_josephine
Lair:4:   layout_roguey, lightli_volcano_entry_magma_tube, grunt_megastairs_3
Lair:5:   evilmike_catoblepas_cave, layout_gridlike, slime_entry_1,
          minmay_stone_trees_small
Orc:1:    layout_diamond_mine
Orc:2:    st_orc_ogre_mass, layout_caves, uniq_saint_roka, uniq_donald

Notes
Turn   | Place    | Note
-------+----------+-------------------------------------------
     0 | D:1      | Jeffwins the Human Wanderer began the quest for the Orb.
     0 | D:1      | Jeffwins set off with the following items: a +0 dagger, a
                  | potion of curing {@q1}, a potion of attraction {!q}, a
                  | scroll of fog, a +0 robe, a +0 buckler of protection.
     0 | D:1      | Reached XP level 1. HP: 16/16 MP: 2/2
   371 | D:1      | Reached skill level 1 in Ranged Weapons
   371 | D:1      | Reached XP level 2. HP: 22/22 MP: 3/3
   676 | D:2      | Reached XP level 3. HP: 27/27 MP: 4/4
   813 | D:2      | Reached skill level 2 in Ranged Weapons
   856 | D:2      | Reached XP level 4. HP: 14/34 MP: 5/5
  1487 | D:2      | Found an iron altar of Okawaru.
  1611 | D:2      | Identified the +3 leather armour of Instinct {rN++ Regen+}
  1677 | D:2      | Noticed Jessica
  1814 | D:2      | Killed Jessica
  1815 | D:2      | Reached XP level 5. HP: 40/40 MP: 6/6
  1936 | D:3      | You fall into a shaft and drop 2 floors!
  1936 | D:5      | Entered Level 5 of the Dungeon
  2230 | D:3      | Reached skill level 3 in Ranged Weapons
  2257 | D:3      | Found an ornate altar of the Wu Jian Council.
  2390 | D:3      | Reached skill level 3 in Fighting
  2699 | D:4      | Reached skill level 1 in Short Blades
  2699 | D:4      | Reached skill level 1 in Polearms
  2742 | D:4      | Reached XP level 6. HP: 47/47 MP: 7/7
  2853 | D:4      | Reached skill level 2 in Short Blades
  2979 | D:4      | Found a broken altar of Ashenzari.
  3009 | D:4      | Noticed an ogre
  3018 | D:4      | Killed an ogre
  3082 | D:4      | Noticed an ogre
  3090 | D:4      | Killed an ogre
  3091 | D:4      | Reached skill level 4 in Ranged Weapons
  3091 | D:4      | Reached XP level 7. HP: 29/52 MP: 8/8
  3124 | D:4      | Found a shimmering blue altar of Sif Muna.
  3145 | D:4      | Found a bloodstained altar of Trog.
  3145 | D:4      | Found a sparkling altar of Nemelex Xobeh.
  3146 | D:4      | Found a white marble altar of Elyvilon.
  3584 | D:5      | Reached skill level 5 in Shields
  3585 | D:5      | Reached skill level 3 in Short Blades
  3585 | D:5      | Reached skill level 1 in Stealth
  3945 | D:5      | Reached XP level 8. HP: 60/60 MP: 9/9
  4015 | D:5      | Reached skill level 4 in Fighting
  4068 | D:5      | Reached skill level 4 in Short Blades
  4068 | D:5      | Reached skill level 5 in Ranged Weapons
  4068 | D:5      | Reached skill level 2 in Stealth
  4251 | D:5      | Noticed Ijyb
  4265 | D:5      | Killed Ijyb
  4625 | D:6      | Found a staircase to the Ecumenical Temple.
  4689 | Temple   | Entered the Ecumenical Temple
  5616 | D:7      | Reached skill level 1 in Evocations
  5620 | D:7      | Reached XP level 9. HP: 58/66 MP: 10/10
  5627 | D:7      | Reached skill level 3 in Stealth
  5632 | D:7      | Reached skill level 5 in Short Blades
  5650 | D:7      | Reached skill level 6 in Ranged Weapons
  5744 | D:7      | Found the +2 cloak of the Thief {*Fog Slay-2 SInv Stlth+}
  5785 | D:7      | Reached skill level 6 in Shields
  5785 | D:7      | Reached skill level 2 in Evocations
  5791 | D:7      | Found a flagged portal.
  5800 | Bailey   | Entered a bailey
  6057 | Bailey   | Noticed an orc knight
  6077 | Bailey   | Killed an orc knight
  6078 | Bailey   | Reached skill level 5 in Fighting
  6097 | Bailey   | Reached skill level 6 in Short Blades
  6226 | Bailey   | Reached skill level 4 in Stealth
  6262 | Bailey   | Reached skill level 7 in Ranged Weapons
  6262 | Bailey   | Reached XP level 10. HP: 70/74 MP: 11/11
  6281 | Bailey   | Noticed an orc knight
  6299 | Bailey   | Killed an orc knight
  6300 | Bailey   | Reached skill level 3 in Evocations
  6655 | D:7      | Reached skill level 7 in Short Blades
  6972 | D:8      | Found a glowing golden altar of the Shining One.
  7060 | D:8      | Found a stormy altar of Qazlal.
  7225 | D:8      | Learned a level 4 spell: Dispel Undead
  7271 | D:8      | Found a sand-covered staircase.
  7276 | Ossuary  | Entered an ossuary
  7848 | D:8      | Reached skill level 1 in Necromancy
  7883 | D:8      | Identified the +7 glaive "Jadoawno" {freeze, rPois rF+}
  7958 | D:8      | Identified the +3 dagger of Nodijuludgh {freeze, rPois rF+
                  | Dex+3}
  8251 | D:8      | Reached skill level 8 in Ranged Weapons
  8251 | D:8      | Reached skill level 5 in Stealth
  8562 | D:8      | Reached skill level 7 in Shields
  8603 | D:9      | Reached skill level 6 in Fighting
  8608 | D:9      | Reached skill level 2 in Necromancy
  8614 | D:9      | Identified the +12 sling "Lallit" {flame, rN+ Stlth+}
  8649 | D:9      | Reached skill level 4 in Evocations
  8649 | D:9      | Reached XP level 11. HP: 81/81 MP: 13/13
  8649 | D:9      | Found Liffal's Assorted Antiques.
  8658 | D:9      | Bought a scroll of identify for 64 gold pieces
  8658 | D:9      | Bought a puce potion for 28 gold pieces
  8658 | D:9      | Bought a scroll of identify for 64 gold pieces
  8691 | D:9      | Found a radiant altar of Vehumet.
  8699 | D:9      | Became a worshipper of Vehumet
  9028 | D:9      | Learned a level 3 spell: Mephitic Cloud
  9031 | D:9      | Learned a level 2 spell: Poisonous Vapours
  9041 | D:9      | Reached skill level 2 in Spellcasting
  9063 | D:9      | Reached skill level 3 in Necromancy
  9069 | D:9      | Reached skill level 1 in Poison Magic
  9086 | D:9      | Found a staircase to the Orcish Mines.
  9222 | D:10     | Entered Level 10 of the Dungeon
  9255 | D:10     | Found a hazy altar of Hepliaklqana.
  9361 | D:10     | Reached * piety under Vehumet
  9361 | D:10     | Offered knowledge of Magic Dart by Vehumet.
  9362 | D:10     | Reached skill level 1 in Air Magic
  9455 | D:10     | Reached skill level 1 in Conjurations
  9466 | D:10     | Identified a potion of experience
  9467 | D:10     | Reached skill level 12 in Ranged Weapons
  9467 | D:10     | Reached XP level 12. HP: 88/88 MP: 15/15
  9592 | D:10     | Reached skill level 8 in Short Blades
  9701 | D:10     | Reached skill level 2 in Poison Magic
  9716 | D:10     | Identified a potion of resistance
  9802 | D:11     | Reached skill level 2 in Air Magic
  9802 | D:11     | Offered knowledge of Foxfire by Vehumet.
  9808 | D:11     | Reached ** piety under Vehumet
  9833 | D:11     | Found a frozen archway.
  9844 | IceCv    | Entered an ice cave
 10169 | IceCv    | Reached skill level 4 in Necromancy
 10204 | IceCv    | Identified the +4 hand axe "Qumemol" {flame, *Noise +Blink
                  | rCorr Int+4}
 10288 | D:11     | Reached skill level 3 in Air Magic
 10288 | D:11     | Reached skill level 3 in Poison Magic
 10297 | D:11     | Reached XP level 13. HP: 16/95 MP: 17/17
 10503 | D:11     | Noticed Urug
 10528 | D:11     | Killed Urug
 10529 | D:11     | Reached skill level 6 in Stealth
 10529 | D:11     | Reached skill level 2 in Conjurations
 10554 | D:11     | Found a staircase to the Lair.
 10612 | D:11     | Found the +5 robe of Night {Dark Will+ SInv}
 10627 | D:11     | Identified the ring of Hoeruoh {+Blink rElec EV+5 Str+5
                  | Dex-4}
 10649 | D:11     | Noticed Fannar
 10705 | D:11     | Killed Fannar
 10706 | D:11     | Reached skill level 3 in Spellcasting
 10792 | D:11     | Reached skill level 5 in Evocations
 10955 | Lair:1   | Entered Level 1 of the Lair of Beasts
 10970 | Lair:1   | Noticed Gastronok
 10983 | Lair:1   | Killed Gastronok
 10983 | Lair:1   | Offered knowledge of Kindle Blastsparks by Vehumet.
 10984 | Lair:1   | Reached skill level 4 in Air Magic
 11091 | Lair:1   | Reached skill level 5 in Necromancy
 11109 | Lair:1   | Reached skill level 4 in Poison Magic
 11222 | Lair:1   | Noticed Amaemon
 11245 | Lair:1   | Killed Amaemon
 11248 | Lair:1   | Reached *** piety under Vehumet
 11318 | Lair:1   | Noticed Maggie
 11328 | Lair:1   | Killed Maggie
 11612 | Lair:1   | Reached skill level 13 in Ranged Weapons
 11712 | Lair:2   | Reached skill level 7 in Fighting
 11712 | Lair:2   | Reached skill level 3 in Conjurations
 11901 | Lair:2   | Offered knowledge of Hailstorm by Vehumet.
 12207 | Lair:2   | Found a staircase to the Shoals.
 12609 | Lair:2   | Reached skill level 5 in Air Magic
 12690 | Lair:3   | Reached skill level 8 in Shields
 12694 | Lair:3   | Found a runed translucent gate.
 12695 | Lair:3   | Found a runed translucent gate.
 12696 | Lair:3   | Found a runed translucent gate.
 12698 | Lair:3   | Noticed Newt's ghost (journeyman KoHu)
 12736 | Lair:3   | Found a staircase to the Snake Pit.
 12913 | Lair:3   | Noticed Josephine
 12987 | Lair:3   | Reached skill level 5 in Poison Magic
 13015 | Lair:3   | Reached XP level 14. HP: 103/103 MP: 19/19
 13078 | Lair:3   | Reached skill level 6 in Necromancy
 13100 | Lair:3   | Reached **** piety under Vehumet
 13238 | Lair:3   | Reached skill level 7 in Stealth
 13245 | Lair:3   | Offered knowledge of Fireball by Vehumet.
 13246 | Lair:3   | Reached skill level 4 in Spellcasting
 13263 | Lair:3   | Learned a level 5 spell: Fireball
 13277 | Lair:3   | Reached skill level 4 in Conjurations
 13277 | Lair:3   | Reached skill level 2 in Fire Magic
 13277 | Lair:3   | Reached skill level 6 in Air Magic
 13277 | Lair:3   | Reached XP level 15. HP: 108/108 MP: 21/21
 13702 | Lair:3   | Killed Josephine
 13703 | Lair:3   | Reached skill level 6 in Poison Magic
 14052 | Lair:4   | Found a dark tunnel.
 14094 | Lair:4   | Reached skill level 6 in Evocations
 14183 | Volcano  | Entered a volcano
 14311 | Volcano  | Found the +0 pair of fencer's gloves {Riposte Dex+3}
 14526 | Lair:4   | Reached skill level 7 in Necromancy
 14754 | Lair:4   | Reached skill level 3 in Fire Magic
 14770 | Lair:4   | Reached ***** piety under Vehumet
 14770 | Lair:4   | Offered knowledge of Airstrike by Vehumet.
 14910 | Lair:4   | Reached skill level 5 in Conjurations
 15288 | Lair:5   | Entered Level 5 of the Lair of Beasts
 15451 | Lair:5   | Reached skill level 5 in Spellcasting
 15594 | Lair:5   | Reached skill level 7 in Air Magic
 15659 | Lair:5   | Reached skill level 14 in Ranged Weapons
 15817 | Lair:5   | Reached skill level 4 in Fire Magic
 15826 | Lair:5   | Reached XP level 16. HP: 69/116 MP: 23/23
 15990 | Lair:5   | Found a viscous altar of Jiyva.
 15990 | Lair:5   | Found a staircase to the Slime Pits.
 16062 | Lair:5   | Reached skill level 8 in Stealth
 16062 | Lair:5   | Reached skill level 7 in Poison Magic
 16137 | Lair:5   | Reached skill level 8 in Fighting
 16239 | Lair:5   | Reached skill level 6 in Conjurations
 16533 | Lair:5   | Reached skill level 8 in Necromancy
 16706 | Lair:5   | Identified the +6 hand axe of Doureuf {vamp, rElec rPois
                  | Str-5 Int+7}
 16945 | Orc:1    | Entered Level 1 of the Orcish Mines
 17159 | Orc:2    | Entered Level 2 of the Orcish Mines
 17159 | Orc:2    | Noticed Donald
 17159 | Orc:2    | Found a staircase to the Elven Halls.
 17306 | Orc:2    | Offered knowledge of Flame Wave by Vehumet.
 17433 | Orc:2    | Mangled by Donald

Vanquished Creatures
  Gastronok (Lair:1)
  Josephine (Lair:3)
  Fannar (D:11)
  6 hydras
  5 catoblepae
  2 boulder beetles
  8 death yaks
  A two-headed ogre (D:11)
  Urug (D:11)
  Amaemon (Lair:1)
  A fire crab (Volcano)
  A skyshark (Lair:3)
  6 lindwurms
  2 orc knights (Bailey)
  2 ugly things (IceCv)
  An orc sorcerer (Orc:1)
  2 manticores (Lair:5)
  An oklob plant (Lair:4)
  6 black mambas
  15 elephants
  An orange demon (Lair:1)
  3 ice statues (IceCv)
  Maggie (Lair:1)
  8 cane toads
  10 komodo dragons
  An anaconda simulacrum (IceCv)
  3 trolls
  A polar bear (Lair:5)
  5 dream sheep (Lair:4)
  16 blink frogs
  A spriggan (Lair:2)
  A dire elephant simulacrum (IceCv)
  33 yaks
  2 water elementals (D:11)
  3 wraiths
  3 wyverns
  4 basilisks
  4 steam dragons
  2 nagas (Lair:3)
  14 water moccasins
  An acid dragon (D:10)
  3 hell hounds (Volcano)
  2 ice beasts
  2 sky beasts
  24 orc warriors
  3 black bears
  4 centaurs
  4 ogres
  4 wolves (D:11)
  A phantom (D:5)
  2 elf zombies (Ossuary)
  2 kobold brigands
  5 gnoll sergeants
  2 scorpions (D:5)
  13 bullfrogs
  A cane toad simulacrum (IceCv)
  10 wights
  An elephant simulacrum (IceCv)
  15 killer bees
  4 electric eels
  2 howler monkeys
  10 hounds
  A centaur zombie (Ossuary)
  2 jellies
  7 orc priests
  A gnoll bouda (Lair:3)
  A sleepcap (D:8)
  Jessica (D:2)
  Ijyb (D:5)
  13 orc wizards
  4 iguanas
  A polar bear simulacrum (IceCv)
  A wolf simulacrum (IceCv)
  2 mummies (Ossuary)
  22 gnolls
  7 adders
  A shadow imp (D:8)
  An ufetubus (D:5)
  2 adder zombies (Ossuary)
  5 worms
  2 dart slugs
  77 orcs
  3 bats
  8 endoplasms
  A giant cockroach (D:3)
  7 goblins
  7 hobgoblins
  6 kobolds
  A quokka (D:2)
  6 ball pythons
  A frilled lizard (D:1)
  2 goblin zombies (Ossuary)
  4 hobgoblin zombies (Ossuary)
  2 jackal zombies (Ossuary)
  11 kobold zombies (Ossuary)
  12 orc zombies (Ossuary)
  8 rats
  A rat zombie (Ossuary)
527 creatures vanquished.

Vanquished Creatures (collateral kills)
  2 yaks (Lair:3)
  An orc warrior (Orc:2)
  An orc priest (Orc:2)
4 creatures vanquished.

Vanquished Creatures (others)
  A bush (Lair:3)
  15 fungi
  35 plants
51 creatures vanquished.

Grand Total: 582 creatures vanquished

Table legend: (Time is in decaauts)
 A = Elapsed time spent in this place.
 B = Non-inter-level travel time spent in this place.
 C = Inter-level travel time spent in this place.
 D = Time resting spent in this place.
 E = Time spent auto-exploring this place.
 F = Levels seen in this place.
 G = Mean time per level.
                   A        B        C        D        E       F      G
               +--------+--------+--------+--------+--------+-----+--------+
         Total |  17204 |  16347 |    857 |    904 |  10530 |  24 |  716.8 |
       Dungeon |   9462 |   9090 |    372 |    278 |   6328 |  12 |  788.5 |
        Temple |    187 |    169 |     18 |      0 |    156 |   1 |  187.0 |
          Lair |   5561 |   5120 |    441 |    218 |   3531 |   5 | 1112.2 |
  Orcish Mines |    477 |    453 |     24 |    165 |    153 |   2 |  238.5 |
       Ossuary |    387 |    387 |      0 |      2 |    158 |   1 |  387.0 |
        Bailey |    554 |    554 |      0 |     49 |    176 |   1 |  554.0 |
      Ice Cave |    396 |    396 |      0 |    190 |     28 |   1 |  396.0 |
       Volcano |    175 |    175 |      0 |      0 |      0 |   1 |  175.0 |
               +--------+--------+--------+--------+--------+-----+--------+

Top non-repeatable levels by time:
  Lair:5: 1373 daAuts
     D:8: 1276 daAuts
  Lair:4: 1269 daAuts
     D:2: 1130 daAuts
     D:5: 1127 daAuts
  Lair:3: 1122 daAuts
  Lair:2: 1070 daAuts
     D:4: 928 daAuts
     D:1: 822 daAuts
    D:11: 800 daAuts
     D:6: 771 daAuts
     D:7: 750 daAuts
  Lair:1: 726 daAuts
     D:9: 707 daAuts
     D:3: 601 daAuts

Table legend:
 A = Non-vault XP
 B = Vault XP
 C = Vault XP percentage of total XP
 D = Non-vault monster count
 E = Vault monster count
 F = Vault count percentage of total count
                 A         B        C        D         E       F
            +---------+---------+-------+---------+---------+-------
      Total |   51025 |   34141 |  40.1 |     338 |     193 |  36.3
            +---------+---------+-------+---------+---------+-------
        D:1 |      23 |       0 |   0.0 |      14 |       0 |   0.0
        D:2 |      90 |      37 |  29.1 |      23 |       1 |   4.2
        D:3 |      24 |       0 |   0.0 |      11 |       0 |   0.0
        D:4 |     498 |       2 |   0.4 |      21 |       1 |   4.5
        D:5 |     660 |      36 |   5.2 |      14 |       1 |   6.7
        D:6 |     477 |       0 |   0.0 |      11 |       0 |   0.0
        D:7 |    1413 |       0 |   0.0 |      23 |       0 |   0.0
        D:8 |     941 |     494 |  34.4 |      15 |       8 |  34.8
        D:9 |    1666 |     724 |  30.3 |      21 |      14 |  40.0
       D:10 |    1609 |     503 |  23.8 |      18 |      25 |  58.1
       D:11 |    2245 |    4915 |  68.6 |      13 |      14 |  51.9
     Lair:1 |    3016 |    3140 |  51.0 |      14 |       4 |  22.2
     Lair:2 |    3861 |    1261 |  24.6 |      16 |       3 |  15.8
     Lair:3 |    7404 |    1930 |  20.7 |      26 |       7 |  21.2
     Lair:4 |   12489 |    1813 |  12.7 |      33 |       3 |   8.3
     Lair:5 |   12007 |   11195 |  48.3 |      29 |      22 |  43.1
      Orc:1 |    2069 |       0 |   0.0 |      19 |       0 |   0.0
      Orc:2 |     533 |       0 |   0.0 |      17 |       0 |   0.0
    Ossuary |       0 |     311 | 100.0 |       0 |      39 | 100.0
     Bailey |       0 |    2166 | 100.0 |       0 |      32 | 100.0
      IceCv |       0 |    3144 | 100.0 |       0 |      11 | 100.0
    Volcano |       0 |    2470 | 100.0 |       0 |       8 | 100.0
            +---------+---------+-------+---------+---------+-------
